 Dungeon Crawl Stone Soup version 0.29.0-4-gdea44cf6ec (webtiles) character file.

Game seed: 3091865232968818150

78 qw the Chopper (level 4, -4/26 HPs)
             Began as a Tengu Warper on Aug 29, 2022.
             Killed by divine providence
             ... invoked by an orc priest
              (10 damage)
             ... on level 3 of the Dungeon.
             The game lasted 00:00:22 (1780 turns).

qw the Chopper (Tengu Warper)                       Turns: 1780, Time: 00:00:22

Health: -4/26      AC:  8    Str: 13    XL:     4   Next: 36%
Magic:  8/8        EV:  9    Int: 13    God:
Gold:   120        SH:  0    Dex: 14    Spells: 7/7 levels left

rFire   . . .      SeeInvis .   Y - +2 hand axe
rCold   . . .      Faith    .   (no shield)
rNeg    . . .      Spirit   .   g - +0 scale mail
rPois   .          Reflect  .   h - +2 hat
rElec   .          Harm     .   (no cloak)
rCorr   .          Rampage  .   (no gloves)
Will    .....                   (boots unavailable)
Stlth   ..........              (no amulet)
HPRegen 0.08/turn               (no ring)
MPRegen 0.11/turn               (no ring)

@: no status effects
A: beak, talons 3
a: no special abilities


You were on level 3 of the Dungeon.
You visited 1 branch of the dungeon, and saw 3 of its levels.

You collected 120 gold pieces.


Innate Abilities, Weirdness & Mutations

You have a beak for a mouth.
You have claws for feet.


   Skills:
 - Level 2.0 Fighting
 + Level 4.9 Axes
 - Level 1.0 Throwing
 - Level 1.1 Armour
 - Level 2.1 Dodging
 - Level 2.0 Spellcasting
 - Level 2.4 Translocations


You had 7 spell levels left.
You didn't know any spells.
Your spell library contained the following spells:

 Spells                   Type           Power      Damage    Failure   Level
 Blink                    Tloc           14%        N/A       56%         2
 Gell's Gravitas          Tloc           7%         N/A       80%         3
 Lesser Beckoning         Tloc           7%         N/A       80%         3
 Teleport Other           Tloc           7%         N/A       80%         3
 Manifold Assault         Tloc           7%         N/A       100%        5

Inventory:

Hand Weapons
 e - a +0 mace
 Y - a +2 hand axe (weapon)
Missiles
 d - 4 boomerangs (quivered)
Armour
 g - a +0 scale mail (worn)
 h - a +2 hat (worn)
Scrolls
 a - a scroll of identify
Potions
 b - a potion of curing

Dungeon Overview and Level Annotations

Branches:
Dungeon (3/15)

Altars:


Message History

The orc priest mumbles some strange prayers to Beogh against you.
Beogh smites you!
1771 ||| DRINKING potion of heal wounds.
You feel much better.
The orc priest looks encouraged for a moment.
The orc closely misses you.
The orc hits you from afar with a +0 trident.
You hit the orc but do no damage. Your kick misses the orc.
The orc is severely wounded.
The orc hits you but does no damage. x2
You hit the orc.
You kill the orc!
The orc hits you but does no damage.
The orc priest looks satisfied for a moment.
The orc closely misses you.
There is an open door, spattered with blood here.
Things that are here:
a +0 short sword; a kobold corpse You hit the orc but do no damage.
You claw the orc, but do no damage.
The orc priest begins to cast a cantrip, but forgets the words!
The orc hits you but does no damage.
You barely miss the orc.
The orc priest looks encouraged for a moment.
The orc priest miscasts a cantrip.
The orc hits you but does no damage.
You hit the orc.
The orc is heavily wounded.
The orc hits you with a +0 trident.
You hit the orc.
The orc is severely wounded.
The orc hits you with a +0 trident!
You hit the orc. Your kick misses the orc.
The orc is almost dead.
The orc priest casts a cantrip, but nothing happens.
The orc hits you with a +0 trident.
You hit the orc but do no damage. You peck the orc, but do no damage.
The orc is almost dead.
The orc priest calls down the wrath of Beogh upon you.
Beogh smites you!
You die...

#.# #########.#
#.........#
#.........#
#.........####
#......)......>
#.........[....
#...)....#####.#
###@###### # #o#


oob ..o.. #...... #....... #........ #........# You could see 3 orc priests, an
orc and a bat.

Vanquished Creatures
  3 adders (D:2)
  3 dart slugs (D:1)
  An orc (D:3)
  3 endoplasms
  2 giant cockroaches
  4 goblins
  3 hobgoblins (D:2)
  3 quokkas (D:1)
  2 ball pythons
  8 bats
  A frilled lizard (D:1)
  8 kobolds
  3 rats (D:2)
44 creatures vanquished.

Notes
Turn   | Place    | Note
-------+----------+-------------------------------------------
     0 | D:1      | qw the Tengu Warper began the quest for the Orb.
     0 | D:1      | Reached XP level 1. HP: 12/12 MP: 4/4
     0 | D:1      | 0 ||| qw: Version: 0.1-a-89-g26bdef1
     0 | D:1      | 0 ||| qw: Game counter: 3597
     0 | D:1      | 0 ||| qw: Always use a shield: true
     0 | D:1      | 0 ||| qw: God list: Okawaru
     0 | D:1      | 0 ||| qw: Allow faded altars: false
     0 | D:1      | 0 ||| qw: Do Orc after D:15 true
     0 | D:1      | 0 ||| qw: Do second Lair branch before Depths: true
     0 | D:1      | 0 ||| qw: Lair rune preference: random
     0 | D:1      | 0 ||| qw: Plans: Normal
     0 | D:1      | 0 ||| PLANNING D:1-11
    62 | D:1      | 62 ||| Stepping ~*~*~tactically~*~*~ (hiding).
    71 | D:1      | Reached XP level 2. HP: 17/17 MP: 6/6
    75 | D:1      | 75 ||| Stepping ~*~*~tactically~*~*~ (stealth).
    83 | D:1      | Reached skill level 3 in Axes
   222 | D:1      | 222 ||| Stepping ~*~*~tactically~*~*~ (stealth).
   541 | D:1      | 541 ||| Stepping ~*~*~tactically~*~*~ (stealth).
   542 | D:1      | 542 ||| Stepping ~*~*~tactically~*~*~ (stealth).
   544 | D:1      | 544 ||| Stepping ~*~*~tactically~*~*~ (hiding).
   592 | D:1      | 592 ||| Stepping ~*~*~tactically~*~*~ (hiding).
   694 | D:1      | 694 ||| Stepping ~*~*~tactically~*~*~ (hiding).
   696 | D:1      | 696 ||| Stepping ~*~*~tactically~*~*~ (hiding).
   704 | D:1      | Reached XP level 3. HP: 18/21 MP: 7/7
  1027 | D:1      | Found a faded altar of an unknown god.
  1028 | D:1      | 1028 ||| UPGRADING to +0 scale mail.
  1038 | D:1      | 1038 ||| DROPPING +0 leather armour.
  1039 | D:1      | 1039 ||| UPGRADING to +2 hat.
  1044 | D:1      | 1044 ||| DROPPING ring of wizardry.
  1045 | D:1      | 1045 ||| READING 2 scrolls labelled LEEZEPLI SIMA.
  1046 | D:1      | 1046 ||| READING 2 scrolls labelled LUXTAI YMEK.
  1047 | D:1      | 1047 ||| READING scroll of enchant weapon.
  1047 | D:1      | 1047 ||| ENCHANTING +1 hand axe.
  1048 | D:1      | 1048 ||| DROPPING scroll of blinking.
  1103 | D:2      | 1103 ||| Stepping ~*~*~tactically~*~*~ (stealth).
  1150 | D:2      | Reached skill level 4 in Axes
  1440 | D:2      | Reached XP level 4. HP: 26/26 MP: 8/8
  1690 | D:2      | 1690 ||| READING scroll labelled OKLAIT TUTO.
  1691 | D:2      | 1691 ||| DRINKING 2 fuming dark potions.
  1692 | D:2      | 1692 ||| READING 4 scrolls of identify.
  1692 | D:2      | 1692 ||| IDENTIFYING white potion
  1693 | D:2      | 1693 ||| READING 3 scrolls of identify.
  1693 | D:2      | 1693 ||| IDENTIFYING lumpy pink potion
  1694 | D:2      | 1694 ||| READING 2 scrolls of identify.
  1694 | D:2      | 1694 ||| IDENTIFYING clear potion
  1695 | D:2      | 1695 ||| DROPPING potion of attraction.
  1696 | D:2      | 1696 ||| DROPPING potion of lignification.
  1770 | D:3      | HP: 3/26 [orc priest/divine providence (12)]
  1771 | D:3      | 1771 ||| DRINKING potion of heal wounds.
  1779 | D:3      | HP: 6/26 [orc/+0 trident (3)]
  1780 | D:3      | Killed from afar by an orc priest

Levels and vault maps discovered:
D:1:      dpeg_arrival_rooms_a, layout_basic,
          hellmonk_ecumenical_altar_leap_of_faith
D:2:      layout_basic
D:3:      layout_basic, uniq_crazy_yiuf_cottage

Skill      XL: |  1  2  3 |
---------------+----------+-----
Axes           | 3 4 |  4.9
Fighting       | |  2.0
Throwing       | |  1.0
Armour         | |  1.1
Dodging        | |  2.1
Spellcasting   | |  2.0
Translocations | |  2.4

Action                   |  1- 3 |  4- 6 || total
-------------------------+-------+-------++-------
Melee: Hand axe          |    53 |    22 ||    75
       Kick              |    14 |     4 ||    18
       Peck              |     5 |     2 ||     7
       Punch             |     1 |       ||     1
Throw: Boomerang         |    17 |     9 ||    26
  Use: Scroll            |     3 |     4 ||     7
       Potion            |       |     2 ||     2
Armor: Leather armour    |    11 |       ||    11
       Scale mail        |     7 |    16 ||    23
Dodge: Dodged            |    28 |    10 ||    38

Table legend:
 A = Non-vault XP
 B = Vault XP
 C = Vault XP percentage of total XP
 D = Non-vault monster count
 E = Vault monster count
 F = Vault count percentage of total count
                 A         B        C        D         E       F
            +---------+---------+-------+---------+---------+-------
      Total |     112 |       0 |   0.0 |      44 |       0 |   0.0
            +---------+---------+-------+---------+---------+-------
        D:1 |      40 |       0 |   0.0 |      21 |       0 |   0.0
        D:2 |      62 |       0 |   0.0 |      18 |       0 |   0.0
        D:3 |      10 |       0 |   0.0 |       5 |       0 |   0.0
            +---------+---------+-------+---------+---------+-------
